Canucks vs Stars

Created - 30 septembre 2018 at 22:13

Simulating a Pre-Season

Goals
1 2 3 T
Canucks 0 1 0 1
Stars 2 0 2 4
Shots
1 2 3 T
Canucks 12 10 4 26
Stars 12 7 11 30

1st period

1. Stars , Jeff Petry 1 (Paul Byron 1, Duncan Keith 1) at 4:33
2. Stars , Yanni Gourde 1 (Kyle Okposo 1, Brandon Manning 1) at 7:13

Penalties :
Jeff Petry (DAL) for Interference (Minor) at 16:49

2nd period

3. Canucks , Evgeny Kuznetsov 1 (Justin Braun 1) at 19:53

Penalties :
Brenden Dillon (VAN) for Hooking (Minor) at 1:57

3rd period

4. Stars , Rasmus Ristolainen 1 (Kyle Okposo 2, Yanni Gourde 1) at 7:59
5. Stars , Paul Byron 1 (Duncan Keith 2) at 18:22

Penalties :
Zdeno Chara (DAL) for Holding (Minor) at 5:31, Blake Coleman (VAN) for Hooking (Minor) at 5:31

Goalie Stats

Devan Dubnyk (VAN), 26 saves from 30 shots - (0.867), L, 0-1-0, 60:00 minutes
Jonathan Quick (DAL), 25 saves from 26 shots - (0.962), W, 1-0-0, 60:00 minutes

Players Stats for Canucks

Player Name              G  A  P  +/- PIM S  H  SB GA TA FO     MP     PP MP  PK MP  
------------------------------------------------------------------------------------
Alex Pietrangelo         0  0  0   0  0   3  0  2  0  0  0/0    24:02   1:04   1:12 
Alexander Wennberg       0  0  0  -3  0   1  0  0  0  0  8/16   11:49   0:55   0:00 
Blake Coleman            0  0  0  -1  2   0  2  0  0  0  1/2     9:56   0:00   1:05 
Brayden Point            0  0  0   0  0   1  0  0  0  0  12/17  17:12   0:50   0:00 
Brenden Dillon           0  0  0  -1  2   0  1  3  0  0  0/0    15:10   0:00   0:00 
Charlie Coyle            0  0  0   0  0   1  0  0  0  0  1/3    16:24   0:00   1:05 
Chris Kreider            0  0  0  -3  0   2  2  1  0  0  1/1    11:44   0:50   0:00 
Danton Heinen            0  0  0  -3  0   2  0  0  0  0  0/0    10:54   0:00   0:00 
Erik Karlsson            0  0  0  -3  0   0  0  0  0  0  0/0    22:40   0:55   0:00 
Evander Kane             0  0  0   1  0   1  3  0  0  0  0/1    20:07   1:09   0:00 
Evgeny Kuznetsov         1  0  1   1  0   4  1  0  0  0  14/28  21:03   1:09   0:00 
Jamie Oleksiak           0  0  0  -1  0   2  2  0  0  0  0/0    15:55   0:00   0:44 
Johan Larsson            0  0  0  -1  0   1  0  0  0  0  9/15    9:46   0:00   0:54 
Jonathan Marchessault    0  0  0   0  0   3  0  0  0  0  1/2    17:12   0:50   0:00 
Justin Braun             0  1  1   1  0   1  5  1  0  0  0/0    20:57   1:04   0:47 
Kasperi Kapanen          0  0  0  -1  0   1  0  0  0  0  0/0     9:46   0:00   0:54 
Mattias Ekholm           0  0  0  -2  0   1  1  0  0  0  0/0    20:20   0:00   1:15 
William Karlsson         0  0  0   1  0   2  0  0  0  0  1/2    21:03   1:09   0:00 

Players Stats for Stars

Player Name              G  A  P  +/- PIM S  H  SB GA TA FO     MP     PP MP  PK MP  
------------------------------------------------------------------------------------
Boo Nieves               0  0  0   0  0   1  0  0  0  0  6/10    5:59   0:00   0:21 
Brandon Manning          0  1  1   1  0   0  3  1  0  0  0/0    15:41   0:00   0:00 
Devin Shore              0  0  0   2  0   2  1  0  0  0  0/1    12:29   0:00   0:08 
Duncan Keith             0  2  2   2  0   1  0  3  0  0  0/0    19:55   1:11   0:43 
Jakub Voracek            0  0  0  -1  0   7  0  0  0  0  0/1    22:18   1:11   0:00 
Jeff Petry               1  0  1   2  2   3  1  1  0  0  0/0    18:27   0:48   0:00 
John Klingberg           0  0  0   0  0   0  0  0  0  0  0/0    24:45   0:48   1:16 
Jonathan Huberdeau       0  0  0  -1  0   1  1  0  0  0  0/0    21:08   1:11   0:00 
Josh Anderson            0  0  0   2  0   1  4  0  0  0  1/2    12:21   0:00   0:00 
Kyle Okposo              0  2  2   2  0   2  0  0  0  0  0/2    17:44   0:48   0:00 
Paul Byron               1  1  2   2  0   2  0  0  0  0  11/24  14:33   0:00   1:02 
Pierre-Luc Dubois        0  0  0   2  0   1  0  0  0  0  7/20   16:55   0:48   0:00 
Rasmus Ristolainen       1  0  1   0  0   3  2  1  0  0  0/0    24:14   1:11   0:43 
Ryan Nugent-Hopkins      0  0  0  -1  0   1  1  0  0  0  14/25  21:57   1:11   0:00 
Tommy Wingels            0  0  0   0  0   1  1  0  0  0  0/0     6:27   0:00   0:49 
Yanni Gourde             1  1  2   2  0   3  1  0  0  0  0/2    17:44   0:48   0:49 
Zach Aston-Reese         0  0  0   0  0   0  0  0  0  0  0/0     6:27   0:00   0:49 
Zdeno Chara              0  0  0   1  2   1  3  3  0  0  0/0    16:56   0:00   1:16 

3 Stars

1 - Yanni Gourde (DAL)
2 - Paul Byron (DAL)
3 - Duncan Keith (DAL)

Power Play

Canucks - 0 on 1 Attempt(s) - 0.00%
Stars - 0 on 1 Attempt(s) - 0.00%

Penalty Kill

Canucks - 1 on 1 Attempt(s) - 100.00% - Score 0 goal in Penalty Kill
Stars - 1 on 1 Attempt(s) - 100.00% - Score 0 goal in Penalty Kill

Team Stat

Canucks - Hits : 17 - Faceoff Wins : 48 - Blocked Shots : 7 - Penalty Minutes : 4
Stars - Hits : 18 - Faceoff Wins : 39 - Blocked Shots : 9 - Penalty Minutes : 4

Official

Referees : Tom Kowal and Mike Leggo
Linesman : Scott Driscoll and Steve Miller

Game Notes

No Game Note

% Time on Ice - Canucks

Lines # - Real PCT - Wanted PCT - Time Play
Normal Forward
1 - 35% - 38% - 18:58
2 - 28% - 28% - 15:19
3 - 20% - 20% - 10:54
4 - 16% - 14% - 8:52
Normal Defense
1 - 33% - 33% - 18:02
2 - 34% - 33% - 18:10
3 - 28% - 24% - 15:11
4 - 5% - 10% - 2:40
PP Forward
1 - 58% - 65% - 1:09
2 - 42% - 35% - 0:50
PP Defense
1 - 46% - 70% - 0:55
2 - 54% - 30% - 1:04
PK Forward
1 - 45% - 50% - 0:54
2 - 55% - 50% - 1:05
PK Defense
1 - 39% - 67% - 0:47
2 - 61% - 33% - 1:12
PK3 Forward
1 - 0% - 60%
2 - 0% - 40%
PK3 Defense
1 - 0% - 67%
2 - 0% - 33%
44 Forward
1 - 47% - 50% - 0:56
2 - 53% - 50% - 1:03
44 Defense
1 - 53% - 50% - 1:03
2 - 47% - 50% - 0:56
Last Minute Offensive  - 0:00
Last Minute Defensive  - 0:00
Total
Forward - 60:00
Defense - 60:00

% Time on Ice - Stars

Lines # - Real PCT - Wanted PCT - Time Play
Normal Forward
1 - 37% - 40% - 19:57
2 - 30% - 30% - 16:07
3 - 23% - 20% - 12:21
4 - 10% - 10% - 5:38
Normal Defense
1 - 36% - 40% - 19:24
2 - 31% - 30% - 16:51
3 - 29% - 20% - 15:41
4 - 4% - 10% - 2:07
PP Forward
1 - 60% - 60% - 1:11
2 - 40% - 40% - 0:48
PP Defense
1 - 40% - 60% - 0:48
2 - 60% - 40% - 1:11
PK Forward
1 - 59% - 60% - 1:10
2 - 41% - 40% - 0:49
PK Defense
1 - 36% - 60% - 0:43
2 - 64% - 40% - 1:16
PK3 Forward
1 - 0% - 60%
2 - 0% - 40%
PK3 Defense
1 - 0% - 60%
2 - 0% - 40%
44 Forward
1 - 59% - 60% - 1:10
2 - 41% - 40% - 0:49
44 Defense
1 - 59% - 60% - 1:10
2 - 41% - 40% - 0:49
Last Minute Offensive  - 0:00
Last Minute Defensive  - 0:00
Total
Forward - 60:00
Defense - 60:00

Play-by-Play

1st period


0:01 of 1st period - Ryan Nugent-Hopkins wins face-off versus Evgeny Kuznetsov in neutral zone.
0:18 of 1st period - Shot by Jonathan Huberdeau.
0:18 of 1st period - Shot Misses the Net.
0:20 of 1st period - Shot by Ryan Nugent-Hopkins.
0:20 of 1st period - Stopped by Devan Dubnyk without a rebound.
0:21 of 1st period - Pierre-Luc Dubois wins face-off versus Jonathan Marchessault in Canucks zone.
1:09 of 1st period - Icing by Alex Pietrangelo.
1:10 of 1st period - Charlie Coyle wins face-off versus Paul Byron in Canucks zone.
1:22 of 1st period - Icing by Zdeno Chara.
1:23 of 1st period - Josh Anderson wins face-off versus Alexander Wennberg in Stars zone.
1:44 of 1st period - Shot by Devin Shore.
1:44 of 1st period - Stopped by Devan Dubnyk without a rebound.
1:45 of 1st period - Evgeny Kuznetsov wins face-off versus Jakub Voracek in Canucks zone.
2:14 of 1st period - Shot by Jonathan Huberdeau.
2:14 of 1st period - Shot Hit the Post.
2:16 of 1st period - Shot by Rasmus Ristolainen.
2:16 of 1st period - Stopped by Devan Dubnyk without a rebound.
2:17 of 1st period - Boo Nieves wins face-off versus Johan Larsson in Canucks zone.
2:17 of 1st period - Boo Nieves is hit by Jamie Oleksiak.
2:36 of 1st period - Boo Nieves is hit by Jamie Oleksiak and loses puck.
3:13 of 1st period - Rasmus Ristolainen is hit by Blake Coleman and loses puck.
3:37 of 1st period - Off-side.
3:38 of 1st period - Ryan Nugent-Hopkins wins face-off versus Evgeny Kuznetsov in neutral zone.
4:03 of 1st period - Shot by Jakub Voracek.
4:03 of 1st period - Stopped by Devan Dubnyk without a rebound.
4:04 of 1st period - Chris Kreider wins face-off versus Paul Byron in Canucks zone.
4:04 of 1st period - Mattias Ekholm is hit by Josh Anderson and loses puck.
4:09 of 1st period - Shot by Paul Byron.
4:09 of 1st period - Stopped by Devan Dubnyk with a rebound.
4:31 of 1st period - Shot by Paul Byron.
4:31 of 1st period - Shot Misses the Net.
4:33 of 1st period - Shot by Jeff Petry.
4:33 of 1st period - Goal by Jeff Petry - Canucks : 0 - Stars : 1.
4:34 of 1st period - Evgeny Kuznetsov wins face-off versus Ryan Nugent-Hopkins in neutral zone.
4:51 of 1st period - Off-side.
4:52 of 1st period - Brayden Point wins face-off versus Pierre-Luc Dubois in neutral zone.
4:55 of 1st period - Shot by Charlie Coyle.
4:55 of 1st period - Stopped by Jonathan Quick without a rebound.
4:56 of 1st period - Ryan Nugent-Hopkins wins face-off versus Brayden Point in Stars zone.
5:11 of 1st period - Icing by Justin Braun.
5:12 of 1st period - Brayden Point wins face-off versus Pierre-Luc Dubois in Canucks zone.
5:17 of 1st period - Shot by Yanni Gourde.
5:17 of 1st period - Deflect By Kyle Okposo.
5:17 of 1st period - Shot Misses the Net.
5:19 of 1st period - Shot by Pierre-Luc Dubois.
5:19 of 1st period - Deflect By Kyle Okposo.
5:19 of 1st period - Stopped by Devan Dubnyk without a rebound.
5:20 of 1st period - Ryan Nugent-Hopkins wins face-off versus Evander Kane in Canucks zone.
5:25 of 1st period - Shot by Jonathan Huberdeau.
5:25 of 1st period - Stopped by Devan Dubnyk with a rebound.
5:51 of 1st period - Shot by Evgeny Kuznetsov.
5:51 of 1st period - Shot Misses the Net.
6:36 of 1st period - Shot by Chris Kreider.
6:36 of 1st period - Shot Misses the Net.
6:38 of 1st period - Shot by Alex Pietrangelo.
6:38 of 1st period - Stopped by Jonathan Quick without a rebound.
6:39 of 1st period - Brayden Point wins face-off versus Pierre-Luc Dubois in Stars zone.
6:59 of 1st period - Icing by Pierre-Luc Dubois.
7:00 of 1st period - Pierre-Luc Dubois wins face-off versus Johan Larsson in Stars zone.
7:00 of 1st period - Yanni Gourde is hit by Blake Coleman and loses puck.
7:13 of 1st period - Shot by Yanni Gourde.
7:13 of 1st period - Goal by Yanni Gourde - Canucks : 0 - Stars : 2.
7:14 of 1st period - Evgeny Kuznetsov wins face-off versus Paul Byron in neutral zone.
7:35 of 1st period - Icing by Alex Pietrangelo.
7:36 of 1st period - Boo Nieves wins face-off versus Evgeny Kuznetsov in Canucks zone.
7:46 of 1st period - Evgeny Kuznetsov is hit by Brandon Manning and loses puck.
7:51 of 1st period - Shot by William Karlsson.
7:51 of 1st period - Shot Misses the Net.
7:56 of 1st period - Evander Kane is hit by Brandon Manning and loses puck.
8:03 of 1st period - Shot by Evgeny Kuznetsov.
8:03 of 1st period - Shot Blocked by Zdeno Chara.
8:05 of 1st period - Shot by Evgeny Kuznetsov.
8:05 of 1st period - Shot Misses the Net.
8:24 of 1st period - Icing by Erik Karlsson.
8:25 of 1st period - Brayden Point wins face-off versus Pierre-Luc Dubois in Canucks zone.
8:47 of 1st period - Shot by Brayden Point.
8:47 of 1st period - Stopped by Jonathan Quick with a rebound.
8:49 of 1st period - Shot by Mattias Ekholm.
8:49 of 1st period - Stopped by Jonathan Quick with a rebound.
8:51 of 1st period - Shot by Mattias Ekholm.
8:51 of 1st period - Shot Blocked by Rasmus Ristolainen.
10:01 of 1st period - Alex Pietrangelo is hit by Jonathan Huberdeau and loses puck.
10:18 of 1st period - Shot by Paul Byron.
10:18 of 1st period - Shot Misses the Net.
10:20 of 1st period - Shot by Paul Byron.
10:20 of 1st period - Shot Misses the Net.
10:22 of 1st period - Shot by Devin Shore.
10:22 of 1st period - Stopped by Devan Dubnyk without a rebound.
10:23 of 1st period - Boo Nieves wins face-off versus Blake Coleman in Canucks zone.
10:32 of 1st period - Shot by Rasmus Ristolainen.
10:32 of 1st period - Stopped by Devan Dubnyk without a rebound.
10:33 of 1st period - Brayden Point wins face-off versus Paul Byron in Canucks zone.
10:44 of 1st period - Shot by Brayden Point.
10:44 of 1st period - Deflect By Jonathan Marchessault.
10:44 of 1st period - Stopped by Jonathan Quick with a rebound.
10:49 of 1st period - Icing by Brandon Manning.
10:50 of 1st period - Evgeny Kuznetsov wins face-off versus Paul Byron in Stars zone.
11:15 of 1st period - Shot by Evgeny Kuznetsov.
11:15 of 1st period - Shot Misses the Net.
11:17 of 1st period - Shot by Alex Pietrangelo.
11:17 of 1st period - Shot Blocked by Zdeno Chara.
11:19 of 1st period - Shot by Alex Pietrangelo.
11:19 of 1st period - Shot Misses the Net.
11:21 of 1st period - Shot by Justin Braun.
11:21 of 1st period - Stopped by Jonathan Quick with a rebound.
11:56 of 1st period - Icing by John Klingberg.
11:57 of 1st period - Alexander Wennberg wins face-off versus Ryan Nugent-Hopkins in Stars zone.
12:04 of 1st period - Shot by Danton Heinen.
12:04 of 1st period - Stopped by Jonathan Quick without a rebound.
12:05 of 1st period - Brayden Point wins face-off versus Pierre-Luc Dubois in Stars zone.
12:12 of 1st period - Shot by Jonathan Marchessault.
12:12 of 1st period - Deflect By Brayden Point.
12:12 of 1st period - Shot Misses the Net.
13:54 of 1st period - Alex Pietrangelo is hit by Devin Shore and loses puck.
14:06 of 1st period - Icing by William Karlsson.
14:07 of 1st period - Evgeny Kuznetsov wins face-off versus Boo Nieves in Canucks zone.
14:13 of 1st period - Off-side.
14:14 of 1st period - Boo Nieves wins face-off versus Johan Larsson in neutral zone.
14:26 of 1st period - Icing by Tommy Wingels.
14:27 of 1st period - Boo Nieves wins face-off versus Charlie Coyle in Stars zone.
15:23 of 1st period - Brenden Dillon is hit by Tommy Wingels and loses puck.
15:53 of 1st period - John Klingberg is hit by Evander Kane and loses puck.
16:12 of 1st period - Shot by Alex Pietrangelo.
16:12 of 1st period - Deflect By Kasperi Kapanen.
16:12 of 1st period - Stopped by Jonathan Quick without a rebound.
16:13 of 1st period - Pierre-Luc Dubois wins face-off versus Alexander Wennberg in Stars zone.
16:13 of 1st period - Pierre-Luc Dubois is hit by Chris Kreider.
16:46 of 1st period - Shot by Chris Kreider.
16:46 of 1st period - Shot Blocked by Duncan Keith.
16:48 of 1st period - Shot by Danton Heinen.
16:48 of 1st period - Shot Blocked by Duncan Keith.
16:49 of 1st period - Minor Penalty to Jeff Petry for Interference.
16:50 of 1st period - Evgeny Kuznetsov wins face-off versus Yanni Gourde in Stars zone.
17:01 of 1st period - Shot by Alex Pietrangelo.
17:01 of 1st period - Stopped by Jonathan Quick without a rebound.
17:02 of 1st period - Evgeny Kuznetsov wins face-off versus Yanni Gourde in Stars zone.
17:03 of 1st period - Shot by Alex Pietrangelo.
17:03 of 1st period - Stopped by Jonathan Quick without a rebound.
17:04 of 1st period - Paul Byron wins face-off versus Evgeny Kuznetsov in Stars zone.
17:13 of 1st period - Paul Byron is hit by Evander Kane and loses puck.
18:21 of 1st period - Shot by Tommy Wingels.
18:21 of 1st period - Shot Misses the Net.
18:25 of 1st period - Shot by Tommy Wingels.
18:25 of 1st period - Shot Misses the Net.
18:27 of 1st period - Shot by John Klingberg.
18:27 of 1st period - Shot Misses the Net.
18:29 of 1st period - Shot by John Klingberg.
18:29 of 1st period - Shot Blocked by Alex Pietrangelo.
18:31 of 1st period - Shot by John Klingberg.
18:31 of 1st period - Deflect By Tommy Wingels.
18:31 of 1st period - Stopped by Devan Dubnyk with a rebound.
18:46 of 1st period - Shot by Zach Aston-Reese.
18:46 of 1st period - Shot Misses the Net.
19:02 of 1st period - Shot by Johan Larsson.
19:02 of 1st period - Stopped by Jonathan Quick without a rebound.
19:03 of 1st period - Paul Byron wins face-off versus Johan Larsson in Stars zone.
19:11 of 1st period - Icing by Brenden Dillon.
19:12 of 1st period - Ryan Nugent-Hopkins wins face-off versus Johan Larsson in Canucks zone.
19:39 of 1st period - Shot by Jamie Oleksiak.
19:39 of 1st period - Stopped by Jonathan Quick with a rebound.
Goals for this period are 0 for Canucks vs 2 for Stars.
Shots for this period are 12 for Canucks vs 12 for Stars.

2nd period


0:01 of 2nd period - Evgeny Kuznetsov wins face-off versus Kyle Okposo in neutral zone.
0:17 of 2nd period - Rasmus Ristolainen is hit by Justin Braun and loses puck.
0:20 of 2nd period - Shot by Yanni Gourde.
0:20 of 2nd period - Shot Misses the Net.
0:30 of 2nd period - Shot by John Klingberg.
0:30 of 2nd period - Shot Misses the Net.
0:39 of 2nd period - Yanni Gourde is hit by Justin Braun and loses puck.
0:55 of 2nd period - Icing by Justin Braun.
0:56 of 2nd period - Ryan Nugent-Hopkins wins face-off versus Evgeny Kuznetsov in Canucks zone.
1:19 of 2nd period - Shot by Ryan Nugent-Hopkins.
1:19 of 2nd period - Shot Misses the Net.
1:31 of 2nd period - Shot by Brayden Point.
1:31 of 2nd period - Shot Blocked by Duncan Keith.
1:43 of 2nd period - Shot by Jonathan Marchessault.
1:43 of 2nd period - Stopped by Jonathan Quick without a rebound.
1:44 of 2nd period - Alexander Wennberg wins face-off versus Paul Byron in Stars zone.
1:47 of 2nd period - Shot by Chris Kreider.
1:47 of 2nd period - Shot Misses the Net.
1:55 of 2nd period - Jamie Oleksiak is hit by Josh Anderson and loses puck.
1:57 of 2nd period - Minor Penalty to Brenden Dillon for Hooking.
1:58 of 2nd period - Johan Larsson wins face-off versus Pierre-Luc Dubois in Canucks zone.
2:11 of 2nd period - Shot by Jeff Petry.
2:11 of 2nd period - Shot Misses the Net.
2:17 of 2nd period - Shot by Pierre-Luc Dubois.
2:17 of 2nd period - Stopped by Devan Dubnyk with a rebound.
2:19 of 2nd period - Shot by Yanni Gourde.
2:19 of 2nd period - Stopped by Devan Dubnyk with a rebound.
2:31 of 2nd period - Shot by Jeff Petry.
2:31 of 2nd period - Stopped by Devan Dubnyk without a rebound.
2:32 of 2nd period - Johan Larsson wins face-off versus Ryan Nugent-Hopkins in Canucks zone.
2:47 of 2nd period - Shot by Rasmus Ristolainen.
2:47 of 2nd period - Shot Blocked by Alex Pietrangelo.
3:30 of 2nd period - Icing by Duncan Keith.
3:31 of 2nd period - Johan Larsson wins face-off versus Ryan Nugent-Hopkins in Stars zone.
3:34 of 2nd period - Shot by Jamie Oleksiak.
3:34 of 2nd period - Stopped by Jonathan Quick with a rebound.
4:52 of 2nd period - Justin Braun is hit by Josh Anderson and loses puck.
5:10 of 2nd period - Off-side.
5:11 of 2nd period - Brayden Point wins face-off versus Pierre-Luc Dubois in neutral zone.
5:52 of 2nd period - Off-side.
5:53 of 2nd period - Evgeny Kuznetsov wins face-off versus Ryan Nugent-Hopkins in neutral zone.
6:53 of 2nd period - Shot by Chris Kreider.
6:53 of 2nd period - Stopped by Jonathan Quick with a rebound.
6:57 of 2nd period - Shot by Danton Heinen.
6:57 of 2nd period - Shot Misses the Net.
6:59 of 2nd period - Shot by Alexander Wennberg.
6:59 of 2nd period - Stopped by Jonathan Quick without a rebound.
7:00 of 2nd period - Pierre-Luc Dubois wins face-off versus Brayden Point in Stars zone.
7:12 of 2nd period - Erik Karlsson is hit by Zdeno Chara and loses puck.
7:19 of 2nd period - Shot by Jonathan Marchessault.
7:19 of 2nd period - Shot Misses the Net.
7:32 of 2nd period - Off-side.
7:33 of 2nd period - Paul Byron wins face-off versus Alexander Wennberg in neutral zone.
7:33 of 2nd period - Rasmus Ristolainen is hit by Chris Kreider and loses puck.
7:41 of 2nd period - Icing by Jamie Oleksiak.
7:42 of 2nd period - Alexander Wennberg wins face-off versus Ryan Nugent-Hopkins in Canucks zone.
8:54 of 2nd period - Shot by Yanni Gourde.
8:54 of 2nd period - Stopped by Devan Dubnyk without a rebound.
8:55 of 2nd period - Brayden Point wins face-off versus Paul Byron in Canucks zone.
9:06 of 2nd period - Shot by Josh Anderson.
9:06 of 2nd period - Stopped by Devan Dubnyk with a rebound.
9:31 of 2nd period - Icing by Zdeno Chara.
9:32 of 2nd period - Paul Byron wins face-off versus Evgeny Kuznetsov in Stars zone.
9:36 of 2nd period - Icing by Zdeno Chara.
9:37 of 2nd period - Evgeny Kuznetsov wins face-off versus Paul Byron in Stars zone.
10:22 of 2nd period - Shot by Jonathan Huberdeau.
10:22 of 2nd period - Shot Misses the Net.
10:32 of 2nd period - Icing by Mattias Ekholm.
10:33 of 2nd period - Evgeny Kuznetsov wins face-off versus Pierre-Luc Dubois in Canucks zone.
10:33 of 2nd period - Evgeny Kuznetsov is hit by Yanni Gourde.
10:55 of 2nd period - Shot by Kyle Okposo.
10:55 of 2nd period - Stopped by Devan Dubnyk without a rebound.
10:56 of 2nd period - Johan Larsson wins face-off versus Ryan Nugent-Hopkins in Canucks zone.
10:56 of 2nd period - Johan Larsson is hit by Ryan Nugent-Hopkins.
11:15 of 2nd period - Off-side.
11:16 of 2nd period - Brayden Point wins face-off versus Pierre-Luc Dubois in neutral zone.
11:49 of 2nd period - Shot by Brayden Point.
11:49 of 2nd period - Deflect By Jonathan Marchessault.
11:49 of 2nd period - Shot Misses the Net.
12:42 of 2nd period - Icing by Erik Karlsson.
12:43 of 2nd period - Johan Larsson wins face-off versus Devin Shore in Canucks zone.
12:43 of 2nd period - Johan Larsson is hit by Josh Anderson.
13:00 of 2nd period - Icing by Erik Karlsson.
13:01 of 2nd period - Boo Nieves wins face-off versus Johan Larsson in Canucks zone.
13:23 of 2nd period - Icing by John Klingberg.
13:24 of 2nd period - Evgeny Kuznetsov wins face-off versus Boo Nieves in Stars zone.
13:25 of 2nd period - Shot by William Karlsson.
13:25 of 2nd period - Stopped by Jonathan Quick without a rebound.
13:26 of 2nd period - Evgeny Kuznetsov wins face-off versus Ryan Nugent-Hopkins in Stars zone.
13:26 of 2nd period - William Karlsson is hit by Jeff Petry and loses puck.
13:35 of 2nd period - Shot by Evander Kane.
13:35 of 2nd period - Shot Misses the Net.
13:37 of 2nd period - Shot by Evgeny Kuznetsov.
13:37 of 2nd period - Stopped by Jonathan Quick with a rebound.
13:39 of 2nd period - Shot by Evander Kane.
13:39 of 2nd period - Stopped by Jonathan Quick without a rebound.
13:40 of 2nd period - Brayden Point wins face-off versus Pierre-Luc Dubois in Stars zone.
15:16 of 2nd period - Shot by Evgeny Kuznetsov.
15:16 of 2nd period - Stopped by Jonathan Quick without a rebound.
15:17 of 2nd period - Alexander Wennberg wins face-off versus Josh Anderson in Stars zone.
15:26 of 2nd period - Shot by Chris Kreider.
15:26 of 2nd period - Stopped by Jonathan Quick without a rebound.
15:27 of 2nd period - Johan Larsson wins face-off versus Boo Nieves in Stars zone.
17:03 of 2nd period - Off-side.
17:04 of 2nd period - Ryan Nugent-Hopkins wins face-off versus Alexander Wennberg in neutral zone.
17:19 of 2nd period - Shot by Jakub Voracek.
17:19 of 2nd period - Stopped by Devan Dubnyk without a rebound.
17:20 of 2nd period - Paul Byron wins face-off versus Brayden Point in Canucks zone.
18:15 of 2nd period - Icing by Jamie Oleksiak.
18:16 of 2nd period - Ryan Nugent-Hopkins wins face-off versus Brayden Point in Canucks zone.
18:38 of 2nd period - Icing by Charlie Coyle.
18:39 of 2nd period - Pierre-Luc Dubois wins face-off versus Charlie Coyle in Canucks zone.
18:52 of 2nd period - Shot by Yanni Gourde.
18:52 of 2nd period - Shot Blocked by Brenden Dillon.
19:02 of 2nd period - Shot by Yanni Gourde.
19:02 of 2nd period - Shot Blocked by Brenden Dillon.
19:48 of 2nd period - Ryan Nugent-Hopkins is hit by Evander Kane and loses puck.
19:53 of 2nd period - Shot by Evgeny Kuznetsov.
19:53 of 2nd period - Goal by Evgeny Kuznetsov - Canucks : 1 - Stars : 2.
19:54 of 2nd period - Paul Byron wins face-off versus Alexander Wennberg in neutral zone.
Goals for this period are 1 for Canucks vs 0 for Stars.
Shots for this period are 10 for Canucks vs 7 for Stars.

3rd period


0:01 of 3rd period - Evgeny Kuznetsov wins face-off versus Ryan Nugent-Hopkins in neutral zone.
0:22 of 3rd period - Shot by Jakub Voracek.
0:22 of 3rd period - Stopped by Devan Dubnyk without a rebound.
0:23 of 3rd period - Alexander Wennberg wins face-off versus Pierre-Luc Dubois in Canucks zone.
1:14 of 3rd period - Shot by Evgeny Kuznetsov.
1:14 of 3rd period - Stopped by Jonathan Quick without a rebound.
1:15 of 3rd period - Ryan Nugent-Hopkins wins face-off versus Evgeny Kuznetsov in Stars zone.
1:54 of 3rd period - Shot by Ryan Nugent-Hopkins.
1:54 of 3rd period - Shot Hit the Post.
2:05 of 3rd period - Off-side.
2:06 of 3rd period - Johan Larsson wins face-off versus Paul Byron in neutral zone.
2:47 of 3rd period - Paul Byron is hit by Mattias Ekholm and loses puck.
2:55 of 3rd period - Icing by Mattias Ekholm.
2:56 of 3rd period - Blake Coleman wins face-off versus Kyle Okposo in Canucks zone.
3:37 of 3rd period - Shot by Yanni Gourde.
3:37 of 3rd period - Shot Misses the Net.
3:46 of 3rd period - Alex Pietrangelo is hit by Rasmus Ristolainen and loses puck.
4:25 of 3rd period - Shot by Jonathan Huberdeau.
4:25 of 3rd period - Shot Misses the Net.
4:36 of 3rd period - Icing by John Klingberg.
4:37 of 3rd period - Ryan Nugent-Hopkins wins face-off versus Brayden Point in Stars zone.
4:51 of 3rd period - Charlie Coyle is hit by Zdeno Chara and loses puck.
4:55 of 3rd period - Icing by Zdeno Chara.
4:56 of 3rd period - Johan Larsson wins face-off versus Paul Byron in Stars zone.
5:00 of 3rd period - Blake Coleman is hit by Brandon Manning and loses puck.
5:30 of 3rd period - Shot by Blake Coleman.
5:30 of 3rd period - Shot Misses the Net.
5:31 of 3rd period - Minor Penalty to Zdeno Chara for Holding.
5:31 of 3rd period - Minor Penalty to Blake Coleman for Hooking.
5:32 of 3rd period - Paul Byron wins face-off versus Evgeny Kuznetsov in Stars zone.
5:34 of 3rd period - John Klingberg is hit by Evgeny Kuznetsov and loses puck.
5:59 of 3rd period - Shot by Jakub Voracek.
5:59 of 3rd period - Stopped by Devan Dubnyk without a rebound.
6:00 of 3rd period - Brayden Point wins face-off versus Ryan Nugent-Hopkins in Canucks zone.
7:02 of 3rd period - Shot by Jakub Voracek.
7:02 of 3rd period - Stopped by Devan Dubnyk without a rebound.
7:03 of 3rd period - Paul Byron wins face-off versus Evgeny Kuznetsov in Canucks zone.
7:12 of 3rd period - Shot by Duncan Keith.
7:12 of 3rd period - Stopped by Devan Dubnyk without a rebound.
7:13 of 3rd period - Paul Byron wins face-off versus Evgeny Kuznetsov in Canucks zone.
7:14 of 3rd period - Shot by Jakub Voracek.
7:14 of 3rd period - Stopped by Devan Dubnyk without a rebound.
7:15 of 3rd period - Paul Byron wins face-off versus Evgeny Kuznetsov in Canucks zone.
7:31 of 3rd period - Icing by Evgeny Kuznetsov.
7:32 of 3rd period - Pierre-Luc Dubois wins face-off versus Alexander Wennberg in Canucks zone.
7:57 of 3rd period - Shot by Kyle Okposo.
7:57 of 3rd period - Shot Misses the Net.
7:59 of 3rd period - Shot by Rasmus Ristolainen.
7:59 of 3rd period - Goal by Rasmus Ristolainen - Canucks : 1 - Stars : 3.
8:00 of 3rd period - Ryan Nugent-Hopkins wins face-off versus Evgeny Kuznetsov in neutral zone.
8:29 of 3rd period - Shot by Evgeny Kuznetsov.
8:29 of 3rd period - Deflect By Evander Kane.
8:29 of 3rd period - Shot Blocked by Jeff Petry.
8:55 of 3rd period - Shot by Brayden Point.
8:55 of 3rd period - Shot Misses the Net.
9:24 of 3rd period - Shot by Jonathan Marchessault.
9:24 of 3rd period - Stopped by Jonathan Quick with a rebound.
9:47 of 3rd period - Off-side.
9:48 of 3rd period - Alexander Wennberg wins face-off versus Pierre-Luc Dubois in neutral zone.
10:05 of 3rd period - Icing by Brenden Dillon.
10:06 of 3rd period - Paul Byron wins face-off versus Alexander Wennberg in Canucks zone.
10:22 of 3rd period - Icing by Brandon Manning.
10:23 of 3rd period - William Karlsson wins face-off versus Paul Byron in Stars zone.
10:26 of 3rd period - Shot by William Karlsson.
10:26 of 3rd period - Shot Blocked by Zdeno Chara.
12:15 of 3rd period - Icing by Rasmus Ristolainen.
12:16 of 3rd period - Alexander Wennberg wins face-off versus Pierre-Luc Dubois in Stars zone.
12:16 of 3rd period - Alexander Wennberg is hit by Rasmus Ristolainen.
12:18 of 3rd period - Shot by Danton Heinen.
12:18 of 3rd period - Stopped by Jonathan Quick without a rebound.
12:19 of 3rd period - Ryan Nugent-Hopkins wins face-off versus Alexander Wennberg in Stars zone.
12:49 of 3rd period - Shot by Jakub Voracek.
12:49 of 3rd period - Stopped by Devan Dubnyk with a rebound.
12:51 of 3rd period - Shot by Jeff Petry.
12:51 of 3rd period - Shot Blocked by Chris Kreider.
12:53 of 3rd period - Shot by Jeff Petry.
12:53 of 3rd period - Shot Blocked by Brenden Dillon.
12:58 of 3rd period - Jonathan Huberdeau is hit by Brenden Dillon and loses puck.
14:09 of 3rd period - Charlie Coyle is hit by Zdeno Chara.
14:35 of 3rd period - Shot by Jeff Petry.
14:35 of 3rd period - Stopped by Devan Dubnyk without a rebound.
14:36 of 3rd period - Ryan Nugent-Hopkins wins face-off versus Evgeny Kuznetsov in Canucks zone.
14:36 of 3rd period - Jonathan Huberdeau is hit by Justin Braun and loses puck.
15:05 of 3rd period - Shot by William Karlsson.
15:05 of 3rd period - Stopped by Jonathan Quick without a rebound.
15:06 of 3rd period - Johan Larsson wins face-off versus Paul Byron in Stars zone.
16:32 of 3rd period - Shot by Yanni Gourde.
16:32 of 3rd period - Shot Blocked by Justin Braun.
16:46 of 3rd period - Shot by Evgeny Kuznetsov.
16:46 of 3rd period - Deflect By Evander Kane.
16:46 of 3rd period - Shot Blocked by Brandon Manning.
17:14 of 3rd period - Shot by Jonathan Huberdeau.
17:14 of 3rd period - Shot Misses the Net.
17:16 of 3rd period - Shot by Zdeno Chara.
17:16 of 3rd period - Stopped by Devan Dubnyk without a rebound.
17:17 of 3rd period - Jonathan Marchessault wins face-off versus Boo Nieves in Canucks zone.
17:40 of 3rd period - Shot by Zach Aston-Reese.
17:40 of 3rd period - Shot Misses the Net.
17:42 of 3rd period - Shot by Boo Nieves.
17:42 of 3rd period - Stopped by Devan Dubnyk without a rebound.
17:43 of 3rd period - Alexander Wennberg wins face-off versus Paul Byron in Canucks zone.
17:54 of 3rd period - Shot by Chris Kreider.
17:54 of 3rd period - Shot Misses the Net.
18:20 of 3rd period - Shot by Paul Byron.
18:20 of 3rd period - Shot Misses the Net.
18:22 of 3rd period - Shot by Paul Byron.
18:22 of 3rd period - Goal by Paul Byron - Canucks : 1 - Stars : 4.
18:23 of 3rd period - Brayden Point wins face-off versus Ryan Nugent-Hopkins in neutral zone.
18:37 of 3rd period - Off-side.
18:38 of 3rd period - Pierre-Luc Dubois wins face-off versus Evgeny Kuznetsov in neutral zone.
18:57 of 3rd period - Kyle Okposo is hit by Justin Braun and loses puck.
19:05 of 3rd period - Icing by Alex Pietrangelo.
19:06 of 3rd period - Ryan Nugent-Hopkins wins face-off versus William Karlsson in Canucks zone.
19:06 of 3rd period - Rasmus Ristolainen is hit by Justin Braun and loses puck.
Goals for this period are 0 for Canucks vs 2 for Stars.
Shots for this period are 4 for Canucks vs 11 for Stars.